 Dungeon Crawl Stone Soup version 0.28.0-53-g5a82cb258f (webtiles) character file.

Game seed: 6411794072414137662

114623 Peloso the Hoplite (level 16, -5/220 HPs)
             Began as a Minotaur Fighter on June 2, 2022.
             Was the Champion of Okawaru.
             Killed from afar by a deep elf knight (28 damage)
             ... with a shard of ice
             ... on level 2 of the Elven Halls.
             The game lasted 01:17:12 (25733 turns).

Peloso the Hoplite (Minotaur Fighter)              Turns: 25733, Time: 01:17:13

Health: -5/220     AC: 28    Str: 28    XL:     16   Next: 16%
Magic:  27/27      EV: 12    Int:  5    God:    Okawaru [******]
Gold:   2261       SH: 24    Dex: 13    Spells: 15/15 levels left

rFire   + + .      SeeInvis .   a - +3 long sword (elec)
rCold   + + .      Faith    .   e - +0 tower shield
rNeg    + + .      Spirit   .   t - +6 plate armour of the Desolation of Salt {rPois rC+ MP+9}
rPois   +          Reflect  .   K - +0 hat {Will+}
rElec   +          Harm     .   y - scarf {rC+ rF+}
rCorr   +          Rampage  .   v - +0 pair of gloves "Feupsite" {-Cast rElec rPois Will+++}
Will    ++++.      NoCast   +   U - +0 pair of boots {Fly}
Stlth   ..........              g - amulet of regeneration
HPRegen 1.26/turn               W - ring of protection from fire
MPRegen 0.20/turn               i - ring "Deof" {Fly rN++ Will- rCorr Dex+2}

@: berserking, heroic, flying, very quick
A: horns 2, retaliatory headbutt
a: Renounce Religion, Heroism, Finesse, Duel


You were on level 2 of the Elven Halls.
You worshipped Okawaru.
Okawaru was exalted by your worship.
You visited 4 branches of the dungeon, and saw 26 of its levels.
You also visited: Gauntlet.

You collected 2923 gold pieces.
You spent 662 gold pieces at shops.

Inventory:

Hand Weapons
 a - a +3 long sword of electrocution (weapon)
 b - a +2 scimitar of flaming
Armour
 e - a +0 tower shield (worn)
 f - a +0 pair of gloves
 t - the +6 plate armour of the Desolation of Salt (worn) {rPois rC+ MP+9}
   (You found it on level 2 of the Lair of Beasts)

   rC:        It protects you from cold.
   rPois:     It protects you from poison.
   MP:        It affects your magic capacity (+9).
 v - the +0 pair of gloves "Feupsite" (worn) {-Cast rElec rPois Will+++}
   (Okawaru gifted it to you on level 15 of the Dungeon)

   rElec:     It insulates you from electricity.
   rPois:     It protects you from poison.
   -Cast:     It prevents spellcasting.
   Will:      It greatly increases your willpower.
 y - a scarf of resistance (worn)
 K - a +0 hat of willpower (worn)
 U - a +0 pair of boots of flying (worn)
Jewellery
 g - an amulet of regeneration (around neck)
 i - the ring "Deof" (right hand) {Fly rN++ Will- rCorr Dex+2}
   (You found it in a Gauntlet)

   [ring of flight]

   Dex:       It affects your dexterity (+2).
   rN:        It greatly protects you from negative energy.
   Fly:       It grants you flight.
   rCorr:     It protects you from acid and corrosion.
   Will:      It decreases your willpower.
 j - a +6 ring of intelligence
 m - the ring of Mionnuomm {rF- rN+ MP+9 Str+3}
   (You found it on level 1 of the Elven Halls)

   [ring of magical power]

   Str:       It affects your strength (+3).
   rF:        It makes you vulnerable to fire.
   rN:        It protects you from negative energy.
   MP:        It affects your magic capacity (+9).
 q - an amulet of faith
 W - a ring of protection from fire (left hand)
Wands
 r - a wand of mindburst (6)
 x - a wand of digging (7)
Scrolls
 k - 4 scrolls of fear
 l - 3 scrolls of identify
 n - 5 scrolls of immolation
 o - 7 scrolls of blinking
 p - a scroll of enchant weapon
 w - 5 scrolls of teleportation
 H - 3 scrolls of noise
 O - a scroll of magic mapping
Potions
 d - 3 potions of might
 h - 8 potions of curing
 z - 3 potions of invisibility
 A - a potion of mutation
 P - a potion of haste


   Skills:
 + Level 14.9(19.9) Fighting
 + Level 17.2(22.2) Long Blades
 + Level 15.1(20.1) Armour
 + Level 5.0(10.0) Dodging
 + Level 2.0(7.0) Stealth
 + Level 21.1(26.1) Shields
 + Level 4.5 Invocations
 + Level 1.2 Evocations


You had 15 spell levels left.
You didn't know any spells.
Your spell library contained the following spells:

 Spells                   Type           Power      Damage    Failure   Level
 Beastly Appendage        Tmut           0%         N/A       95%         1
 Magic Dart               Conj           0%         1d3       95%         1
 Pain                     Necr           0%         1d4       95%         1
 Sandblast                Erth           0%         2d4       95%         1
 Sting                    Tmut/Pois      0%         1d3       95%         1
 Corpse Rot               Necr/Air       0%         N/A       98%         2
 Ensorcelled Hibernation  Hex/Ice        0%         N/A       98%         2
 Passwall                 Tmut/Erth      0%         N/A       98%         2
 Poisonous Vapours        Pois/Air       0%         N/A       98%         2
 Searing Ray              Conj           0%         2d4       98%         2
 Gell's Gravitas          Tloc           0%         N/A       100%        3
 Ignite Poison            Fire/Tmut/Pois 0%         N/A       100%        3
 Inner Flame              Hex/Fire       0%         N/A       100%        3
 Mephitic Cloud           Conj/Pois/Air  0%         N/A       100%        3
 Spider Form              Tmut/Pois      0%         N/A       100%        3
 Stone Arrow              Conj/Erth      0%         3d7       100%        3
 Teleport Other           Tloc           0%         N/A       100%        3
 Anguish                  Hex/Necr       0%         N/A       100%        4
 Cause Fear               Hex            0%         N/A       100%        4
 Fulminant Prism          Conj/Hex       0%         3d6       100%        4
 Olgreb's Toxic Radiance  Pois           0%         N/A       100%        4
 Petrify                  Tmut/Erth      0%         N/A       100%        4
 Agony                    Necr           0%         N/A       100%        5
 Excruciating Wounds      Necr           0%         N/A       100%        5
 Freezing Cloud           Conj/Ice/Air   0%         6-21      100%        5
 Irradiate                Conj/Tmut      0%         3d13      100%        5
 Metabolic Englaciation   Hex/Ice        0%         N/A       100%        5
 Dispersal                Tloc           0%         N/A       100%        6
 Eringya's Noxious Bog    Tmut/Pois      0%         N/A       100%        6
 Statue Form              Tmut/Erth      0%         N/A       100%        6
 Dragon Form              Tmut           0%         N/A       100%        7
 Enfeeble                 Hex            0%         N/A       100%        7
 Discord                  Hex            0%         N/A       100%        8
 Disjunction              Tloc           0%         N/A       100%        8
 Call Imp                 Summ           Unusable   N/A       N/A         2
 Tukima's Dance           Hex            Unusable   N/A       N/A         3
 Summon Forest            Summ/Tloc      Unusable   N/A       N/A         5
 Summon Hydra             Summ           Unusable   N/A       N/A         7

Dungeon Overview and Level Annotations

Branches:
Dungeon (15/15)            Temple (0/1) D:6            Lair (6/6) D:8
 Shoals (0/4) Lair:3       Spider (0/4) Lair:3        Slime (0/5) Lair:5
    Orc (2/2) D:10            Elf (3/3) Orc:2        Vaults (0/5) D:14
 Depths (0/4) D:15        Gauntlet (visited)

Altars:
Ashenzari
Cheibriados
Fedhas
Gozag
Makhleb
Nemelex Xobeh
Okawaru
Qazlal
Ru
Sif Muna
Vehumet
Wu Jian
Xom
Zin
The Shining One
Beogh
Jiyva

Shops:
D:3 [   D:6 [   D:11 [   Orc:2 ?=([   Elf:1 =

Annotations:
D:13 Casa
Lair:5 1 runed translucent door


Innate Abilities, Weirdness & Mutations

You have a pair of horns on your head.
You reflexively headbutt those who attack you in melee.


Message History

Unknown command.
Something hits you.
* * * LOW HITPOINT WARNING * * *
Things that are here:
a +0 trident; a +0 plate armour; an elf corpse You miss something.
You hear some strange, mumbled words.
A shard of ice appears from out of thin air!
The shard of ice hits you! You partially resist.
* * * LOW HITPOINT WARNING * * *
Unknown command.
You slice something!! You headbutt something!
You hear some strange, mumbled words.
A lance of force appears from out of thin air!
You block the lance of force.
Unknown command.
You miss something. Something hits you.
* * * LOW HITPOINT WARNING * * *
Unknown command.
You hit something but do no damage. Your headbutt misses something.
You block something's attack.
Unknown command.
You closely miss something. Your headbutt misses something. Something hits you.
* * * LOW HITPOINT WARNING * * *
Unknown command.
A red film seems to cover your vision as you go berserk!
You feel yourself moving faster!
You feel mighty! Something hits you.
* * * LOW HITPOINT WARNING * * *
You hear some strange, mumbled words.
A shard of ice appears from out of thin air!
You block the shard of ice.
You completely miss something. You completely miss something.
Your headbutt misses something. Something hits you.
* * * LOW HITPOINT WARNING * * *
You miss something. Your headbutt misses something.
You hear some strange, mumbled words.
A shard of ice appears from out of thin air!
The shard of ice hits you!! You partially resist.
You die...

........#
..........#
##.######..#
#... #..#
...## #..#
#... #..#
.#.#.#.###..#
......{.....#
#...##@....#
.......))...#
.#.#.#.###..#
#... #..#
...## #..#
#... #..# ##.
#..# .. ..#


There were no monsters in sight!

Vanquished Creatures
  Rupert (D:14)
  Gastronok (Lair:2)
  Kirke (D:15)
  Roxanne (D:14)
  A deep elf sorcerer (Orc:2)
  An orc warlord (Orc:1)
  A deep elf elementalist (Elf:1)
  The ghost of Dune the Executioner, a journeyman MiBe of Trog (Lair:5)
  Nessos (D:15)
  A minotaur (Gauntlet)
  2 deep elf annihilators (Elf:1)
  Snorg (D:12)
  A rakshasa (D:15)
  A deep elf high priest (Elf:1)
  2 boulder beetles
  The ghost of waddelsworth the Destroyer, a journeyman GrEE of Vehumet (Orc:2)
  8 hydras
  An ogre mage (D:15)
  A catoblepas (Gauntlet)
  7 dancing weapons
  4 centaur warriors
  4 two-headed ogres
  4 tengu warriors
  A vampire mage (D:14)
  An orc high priest (Elf:1)
  A titan zombie (D:15)
  9 deep elf knights
  Nergalle (D:11)
  A fire crab (Lair:3)
  5 skeletal warriors
  2 deep elf archers (Elf:1)
  17 deep elf zephyrmancers (Elf:1)
  A wizard (D:13)
  A harpy (shapeshifter) (D:14)
  A necromancer (D:14)
  10 deep elf pyromancers
  3 orc knights
  An oklob plant (D:14)
  A frost giant zombie (D:15)
  13 ugly things
  7 orc sorcerers
  A sphinx skeleton (D:15)
  5 cyclopes
  A salamander (shapeshifter) (D:15)
  3 elephants (Lair:6)
  2 manticores
  A torpor snail (Gauntlet)
  Maggie (D:7)
  7 cane toads
  7 komodo dragons
  A gargoyle (Gauntlet)
  5 yaktaurs
  5 rime drakes
  5 kobold demonologists
  A komodo dragon (shapeshifter) (Elf:1)
  A spriggan skeleton (D:15)
  A tengu conjurer (D:15)
  An efreet (D:12)
  A polar bear (Lair:4)
  A troll (shapeshifter) (Elf:1)
  A polar bear (shapeshifter) (D:15)
  A hornet (D:9)
  7 trolls
  A wind drake (Lair:3)
  12 slime creatures
  5 dream sheep (Lair:5)
  11 blink frogs
  16 flying skulls (Gauntlet)
  Sigmund (D:3)
  3 air elementals (Elf:1)
  2 wraiths
  A vampire (D:11)
  3 wyverns
  2 water elementals
  8 humans
  48 yaks
  A fire elemental (Elf:1)
  4 basilisks
  3 vampire mosquitoes
  2 steam dragons
  3 wargs
  Edmund (D:4)
  An acid dragon (D:12)
  16 water moccasins
  41 orc warriors
  A hornet zombie (D:9)
  2 ice beasts (D:6)
  A sky beast (D:7)
  8 black bears
  A swamp drake (D:10)
  A necrophage (D:5)
  6 ogres
  18 centaurs
  12 wolves
  2 kobold brigands (D:12)
  2 phantoms (D:6)
  6 bullfrogs
  3 gnoll sergeants
  3 earth elementals (Elf:1)
  2 scorpions (D:6)
  A wyvern skeleton (D:6)
  10 killer bees
  5 electric eels
  3 howler monkeys
  3 centaur zombies
  A crimson imp (D:4)
  The ghost of Cykl0x the Digger, a weakling GrEE (D:4)
  4 hounds
  Crazy Yiuf (D:6)
  33 orc priests
  2 jellies
  2 bullfrog skeletons (D:6)
  A centaur skeleton (D:7)
  3 gnoll shamans
  Jessica (D:2)
  3 iguanas
  30 orc wizards
  A scorpion zombie (D:5)
  A hound zombie (D:5)
  Robin (D:3)
  15 gnolls
  9 adders
  A shadow imp (D:6)
  A white imp (D:6)
  An adder skeleton (D:5)
  3 worms
  5 dart slugs
  94 orcs
  8 endoplasms
  A giant cockroach (D:4)
  17 goblins
  6 hobgoblins
  6 jackals
  5 quokkas
  3 ball pythons
  5 bats
  3 frilled lizards
  A goblin zombie (D:4)
  3 hobgoblin zombies (D:4)
  5 kobolds
  2 kobold zombies (D:4)
  2 orc skeletons (D:4)
  An orc zombie (D:4)
  3 rats
  2 bushes (D:14)
744 creatures vanquished.

Vanquished Creatures (others)
  2 gnolls (D:5)
  An orc (D:10)
  4 fungi
  26 plants
  14 withered plants (D:15)
47 creatures vanquished.

Grand Total: 791 creatures vanquished

Notes
Turn   | Place    | Note
-------+----------+-------------------------------------------
     0 | D:1      | Peloso the Minotaur Fighter began the quest for the Orb.
     0 | D:1      | Reached XP level 1. HP: 19/19 MP: 0/0
   304 | D:1      | Reached XP level 2. HP: 14/27 MP: 1/1
   974 | D:2      | Found a faded altar of an unknown god.
  1016 | D:2      | Reached skill level 4 in Shields
  1106 | D:2      | Reached XP level 3. HP: 29/33 MP: 2/2
  1141 | D:2      | Noticed a gnoll sergeant
  1142 | D:2      | Found the +8 woodcutter's axe {vorpal}
  1244 | D:3      | Reached XP level 4. HP: 40/40 MP: 3/3
  1246 | D:3      | Found a shimmering altar of Xom.
  1247 | D:3      | Noticed Sigmund
  1281 | D:3      | Noticed Jessica
  1319 | D:4      | Noticed an ogre
  1320 | D:4      | Noticed Edmund
  1332 | D:5      | Entered Level 5 of the Dungeon
  1332 | D:5      | Noticed a necrophage
  1341 | D:5      | Killed a necrophage
  1342 | D:5      | Reached skill level 1 in Dodging
  1342 | D:5      | Reached XP level 5. HP: 45/46 MP: 4/4
  1372 | D:5      | Reached skill level 5 in Shields
  1441 | D:5      | Found a sparkling altar of Nemelex Xobeh.
  1464 | D:5      | Reached XP level 6. HP: 53/53 MP: 5/5
  1597 | D:5      | Reached skill level 5 in Long Blades
  1604 | D:5      | Reached skill level 5 in Armour
  1678 | D:5      | Reached skill level 5 in Fighting
  1737 | D:5      | Reached XP level 7. HP: 55/61 MP: 6/6
  1996 | D:6      | Found an iron altar of Okawaru.
  2004 | D:6      | Became a worshipper of Warmaster Okawaru
  2018 | D:6      | Reached skill level 6 in Shields
  2039 | D:6      | Found a staircase to the Ecumenical Temple.
  2076 | D:6      | Found Furafa's Antique Armour Shop.
  2616 | D:6      | Reached * piety under Okawaru
  2617 | D:6      | Reached XP level 8. HP: 63/69 MP: 7/7
  2646 | D:6      | Found a runed translucent door.
  2647 | D:6      | Noticed Crazy Yiuf
  2749 | D:6      | Reached skill level 7 in Shields
  2922 | D:6      | Reached ** piety under Okawaru
  3034 | D:6      | Reached XP level 9. HP: 77/77 MP: 8/8
  3085 | D:6      | Reached skill level 8 in Shields
  3256 | D:6      | Killed Crazy Yiuf
  3347 | D:7      | Noticed Maggie
  3350 | D:7      | Found a glowing silver altar of Zin.
  3355 | D:7      | Killed Maggie
  3356 | D:7      | Reached skill level 1 in Stealth
  3468 | D:7      | Reached skill level 1 in Invocations
  3532 | D:7      | Found a stormy altar of Qazlal.
  3932 | D:8      | Reached *** piety under Okawaru
  3942 | D:8      | Reached skill level 9 in Shields
  3957 | D:8      | Reached skill level 10 in Long Blades
  4207 | D:8      | Reached XP level 10. HP: 86/86 MP: 8/10
  4278 | D:8      | Found a staircase to the Lair.
  4458 | D:8      | Reached **** piety under Okawaru
  4459 | D:8      | Found a snail-covered altar of Cheibriados.
  4848 | D:4      | Killed Edmund
  4903 | D:4      | Found a glowing golden altar of the Shining One.
  5107 | D:4      | Found a runed translucent gate.
  5108 | D:4      | Found a runed translucent gate.
  5108 | D:4      | Found a runed translucent gate.
  5108 | D:4      | Noticed Cykl0x's ghost (weakling GrEE)
  5611 | D:4      | Found an ornate altar of the Wu Jian Council.
  5828 | D:3      | Found Jiuloiph's Armour Shoppe.
  5837 | D:3      | Bought a +0 hat of willpower for 121 gold pieces
  5901 | D:2      | Killed Jessica
  6032 | D:3      | Killed Sigmund
  6059 | D:3      | Found a radiant altar of Vehumet.
  6220 | D:3      | Noticed Robin
  6228 | D:3      | Killed Robin
  7094 | D:9      | Found a shimmering blue altar of Sif Muna.
  7095 | D:9      | Found a burning altar of Makhleb.
  7098 | D:9      | Found an opulent altar of Gozag.
  7325 | D:9      | Noticed a two-headed ogre
  7342 | D:9      | Killed a two-headed ogre
  7343 | D:9      | Reached skill level 10 in Shields
  7850 | D:10     | Entered Level 10 of the Dungeon
  7881 | D:10     | Noticed a two-headed ogre
  7889 | D:10     | Killed a two-headed ogre
  7889 | D:10     | Received a gift from Okawaru
  7940 | D:10     | Reached ***** piety under Okawaru
  8147 | D:10     | Reached XP level 11. HP: 13/95 MP: 8/11
  8147 | D:10     | HP: 4/95 [yaktaur (10)]
  8154 | D:10     | Reached skill level 10 in Armour
  8363 | D:10     | Found a sacrificial altar of Ru.
  8573 | D:10     | Identified the +9 quarterstaff of a Labyrinth {flame, rElec
                  | rCorr Stlth+}
  8633 | D:10     | Reached skill level 11 in Shields
  8638 | D:10     | Found a staircase to the Orcish Mines.
  8688 | D:10     | Received a gift from Okawaru
  8849 | D:11     | Found Zuafaj's Antique Armour Emporium.
  8849 | D:11     | You are sucked into a shaft and drop 2 floors!
  8892 | D:13     | Noticed a centaur warrior
  8906 | D:13     | Killed a centaur warrior
  8944 | D:13     | Noticed a tengu warrior
  9216 | D:11     | Found a broken altar of Ashenzari.
  9413 | D:11     | Noticed Nergalle
  9431 | D:11     | Killed Nergalle
  9608 | D:11     | Reached skill level 12 in Shields
 10052 | D:12     | Identified the +8 triple sword "Cugeec Kogi" {drain, +Blink
                  | rPois Int+2} (Okawaru gifted it to you on level 12 of the
                  | Dungeon)
 10052 | D:12     | Received a gift from Okawaru
 10392 | D:12     | Noticed Snorg
 10406 | D:12     | Killed Snorg
 10433 | D:12     | Reached XP level 12. HP: 105/106 MP: 13/13
 10980 | Lair:1   | Entered Level 1 of the Lair of Beasts
 10996 | Lair:1   | Reached skill level 10 in Fighting
 11001 | Lair:1   | Reached skill level 13 in Shields
 11036 | Lair:1   | Received a gift from Okawaru
 11789 | Lair:2   | Noticed a six-headed hydra
 11792 | Lair:2   | Noticed Gastronok
 11830 | Lair:1   | Killed a three-headed hydra
 11867 | Lair:1   | Reached skill level 14 in Shields
 11934 | Lair:2   | Killed Gastronok
 12084 | Lair:2   | Identified the +6 plate armour of the Desolation of Salt
                  | {rPois rC+ MP+9}
 12625 | Lair:3   | Found a hole to the Spider Nest.
 12631 | Lair:3   | Received a gift from Okawaru
 12680 | Lair:3   | You are sucked into a shaft and drop 3 floors!
 12680 | Lair:6   | Entered Level 6 of the Lair of Beasts
 12683 | Lair:6   | Noticed a four-headed hydra
 12694 | Lair:6   | Killed a one-headed hydra
 12697 | Lair:6   | Reached XP level 13. HP: 100/116 MP: 14/14
 12715 | Lair:6   | Reached skill level 15 in Shields
 12889 | Lair:5   | Found a runed translucent door.
 12895 | Lair:5   | Noticed Dune's ghost (journeyman MiBe)
 12909 | Lair:5   | Found an ornate altar of the Wu Jian Council.
 13081 | Lair:5   | Found a runed translucent door.
 13081 | Lair:5   | Found a viscous altar of Jiyva.
 13082 | Lair:5   | Found a staircase to the Slime Pits.
 14156 | Lair:4   | Reached skill level 15 in Long Blades
 14455 | Lair:4   | Identified the +5 chain mail of the Iron City of Dis {+Inv
                  | rF- rC++ SInv} (Okawaru gifted it to you on level 4 of the
                  | Lair of Beasts)
 14455 | Lair:4   | Received a gift from Okawaru
 14517 | Lair:4   | Reached skill level 16 in Shields
 15198 | Lair:3   | Found a staircase to the Shoals.
 16113 | D:13     | Identified the +3 ring mail of Aranan {Harm rElec}
 16338 | D:13     | Reached skill level 17 in Shields
 16353 | D:13     | Reached XP level 14. HP: 104/126 MP: 15/15
 16804 | Orc:1    | Entered Level 1 of the Orcish Mines
 17230 | Orc:2    | Entered Level 2 of the Orcish Mines
 17230 | Orc:2    | Noticed waddelsworth's ghost (journeyman GrEE)
 17230 | Orc:2    | Identified the +9 scythe of Yredelemnul's Esteem {chaos,
                  | rPois Dex+4}
 17230 | Orc:2    | Found a runed translucent door.
 17230 | Orc:2    | Found a shimmering altar of Xom.
 17403 | Orc:2    | Received a gift from Okawaru
 17804 | Orc:2    | Found Zoato's Jewellery Boutique.
 18040 | Orc:2    | Found a staircase to the Elven Halls.
 18168 | Orc:2    | Found Dofef's Magic Scroll Emporium.
 18207 | Orc:2    | Bought a scroll of enchant armour for 105 gold pieces
 18207 | Orc:2    | Bought a scroll of identify for 28 gold pieces
 18207 | Orc:2    | Bought a scroll of identify for 28 gold pieces
 18209 | Orc:2    | Bought a scroll of identify for 28 gold pieces
 18276 | Orc:2    | Noticed an orc warlord
 18442 | Orc:1    | Killed an orc warlord
 18601 | Orc:2    | Found Mowkuzib's Antique Armour Shoppe.
 18603 | Orc:2    | Found Rous's Antique Weapon Emporium.
 19002 | D:14     | Found a gate leading to a gauntlet.
 19016 | Gauntlet | Entered a Gauntlet
 19016 | Gauntlet | Found a runed translucent door.
 19016 | Gauntlet | Found a transporter.
 19016 | Gauntlet | Found a runed translucent door.
 19016 | Gauntlet | Found a transporter.
 19028 | Gauntlet | Found a transporter.
 19047 | Gauntlet | Found a transporter.
 19047 | Gauntlet | Found a transporter.
 19052 | Gauntlet | Found a transporter.
 19052 | Gauntlet | Found a transporter.
 19055 | Gauntlet | Found a transporter.
 19071 | Gauntlet | Noticed a cacodemon
 19072 | Gauntlet | Found a transporter.
 19077 | Gauntlet | Found a runed translucent door.
 19084 | Gauntlet | Found a transporter.
 19108 | Gauntlet | Found a transporter.
 19112 | Gauntlet | Found a transporter.
 19178 | Gauntlet | Found a transporter.
 19193 | Gauntlet | Found a transporter.
 19456 | Gauntlet | Reached skill level 18 in Shields
 19796 | Gauntlet | Identified the +5 ring mail of Patience {rN++} (Okawaru
                  | gifted it to you in a Gauntlet)
 19796 | Gauntlet | Received a gift from Okawaru
 19820 | Gauntlet | Identified the ring "Deof" {Fly rN++ Will- rCorr Dex+2}
 19826 | Gauntlet | Identified the +0 robe "Voal" {rC+}
 19874 | Gauntlet | Identified the +1 leather armour of Hedging {Rampage Drain
                  | Str+3 Dex+3}
 19887 | Gauntlet | Identified the +1 chain mail of the Game of Life {Dex+2}
 20614 | D:14     | Found a gate to the Vaults.
 20630 | D:14     | Reached skill level 19 in Shields
 20787 | D:14     | Found a blossoming altar of Fedhas.
 20952 | D:14     | Identified Roxanne's Incunabulum of Shape Shifting
 20952 | D:14     | Noticed Roxanne
 21157 | D:14     | Killed Roxanne
 21437 | D:15     | Entered Level 15 of the Dungeon
 21456 | D:14     | Reached XP level 15. HP: 103/137 MP: 16/16
 21645 | D:15     | Received a gift from Okawaru
 22015 | D:15     | Noticed Rupert
 22027 | D:14     | Killed Rupert
 22088 | D:15     | Received a gift from Okawaru
 22270 | D:15     | Found a staircase to the Depths.
 22308 | D:15     | Reached ****** piety under Okawaru
 22364 | D:15     | Noticed Nessos
 22372 | D:15     | Killed Nessos
 22372 | D:15     | Identified the +0 pair of gloves "Feupsite" {-Cast rElec
                  | rPois Will+++} (Okawaru gifted it to you on level 15 of the
                  | Dungeon)
 22372 | D:15     | Received a gift from Okawaru
 22526 | D:15     | Noticed Kirke
 22535 | D:15     | Noticed a sphinx
 22540 | D:15     | Killed Kirke
 22782 | D:3      | Bought a scarf of resistance for 352 gold pieces
 22823 | D:4      | Killed Cykl0x's ghost
 23030 | Orc:2    | Killed waddelsworth's ghost
 23031 | Orc:2    | Reached skill level 1 in Evocations
 23032 | Orc:2    | Identified the ring of the Iron Devil {EV+4 SInv}
 23049 | Orc:2    | Identified the +12 shortbow of Duty {speed, rF+}
 23370 | Lair:5   | Killed Dune's ghost
 23371 | Lair:5   | Reached skill level 20 in Shields
 23874 | Elf:1    | Entered Level 1 of the Elven Halls
 23874 | Elf:1    | Noticed a deep elf sorcerer
 23883 | Orc:2    | Killed a deep elf sorcerer
 24366 | Elf:1    | Identified the ring of Mionnuomm {rF- rN+ MP+9 Str+3}
 24512 | Elf:1    | Received a gift from Okawaru
 24665 | Elf:1    | Paralysed by an air elemental for 1 turns
 24850 | Elf:1    | Reached skill level 5 in Dodging
 24974 | Elf:1    | Found Aphuah Mani's Jewellery Emporium.
 25042 | Elf:1    | Reached XP level 16. HP: 121/147 MP: 18/18
 25187 | Elf:1    | Reached skill level 15 in Armour
 25201 | Elf:1    | Reached skill level 21 in Shields
 25349 | Elf:1    | Received a gift from Okawaru
 25608 | Elf:3    | Entered Level 3 of the Elven Halls
 25733 | Elf:2    | Killed from afar by a deep elf knight

Illustrated notes

Levels and vault maps discovered:
D:1:      mrwooster_arrival_arrow, layout_basic
D:2:      layout_basic, nicolae_ecumenical_pavilion,
          pf_guarded_unrand_woodcutter
D:3:      layout_rooms, mainiacjoe_overflow_catwalk_spiral, serial_shops,
          shop_statue, uniq_jessica, uniq_robin, uniq_sigmund
D:4:      layout_basic, nicolae_tso_besieged_by_evil,
          nicolae_wu_jian_immortal_techniques, gammafunk_ghost_split,
          kennysheep_generic_room_6, uniq_edmund
D:5:      layout_rooms, nemelex_altar_shiori, st_stairs_4
D:6:      minmay_polygon_palace, layout_basic, mainiacjoe_overflow_tiny_flanked,
          minmay_temple_entry_slanted, serial_shops,
          nicolae_shop_window_shopping, corexii_leaking_fountain,
          uniq_crazy_yiuf_cottage
D:7:      layout_loops_ring, lemuel_round_altar,
          mainiacjoe_overflow_small_starburst, uniq_maggie
D:8:      layout_loops_ring, kennysheep_slug_shrine, lair_entry_dummy,
          minmay_ruffians
D:9:      layout_loops_ring, grunt_temple_overflow_open, serial_glass,
          glass_columns_a, glass_columns_a, glass_columns_a, glass_columns_a
D:10:     layout_basic, nicolae_ru_the_path_less_chosen, erik_orc_1
D:11:     layout_irregular_city, serial_shops, nicolae_stop_n_shop_2,
          evilmike_ruin_ashenzari, uniq_nergalle
D:12:     layout_irregular_city, roderic_lattice_a, corexii_corridor_pit,
          uniq_snorg
D:13:     layout_long_grid, grunt_tough_drop
D:14:     layout_basic, erik_vaults_1, bh_walls_and_bars,
          gauntlet_entry_generic, tgw_fedhas, uniq_roxanne
D:15:     gammafunk_depths_entry_grave, layout_loops_cross,
          hangedman_decor_diamond_cutter, amcnicky_mini_rare_corridor_liquid,
          grunt_ministairs_3, uniq_kirke, uniq_nessos, uniq_rupert
Lair:1:   layout_regular_city, serial_bayou_pond_a, lemuel_fruit_fields,
          serial_bayou_shore_b
Lair:2:   layout_hall_layers, grunt_forest_small_clearings,
          serial_bayou_shore_a, uniq_gastronok
Lair:3:   layout_misc_corridors, minmay_shoals_entry_beasts, spider_nest_entry_a
Lair:4:   layout_regular_city, gammafunk_lair_bear_cave
Lair:5:   layout_layer_cave, slime_altar_2, ebering_ghost_reflecting_pool,
          lemuel_centaur_altar
Lair:6:   due_jungle_book, layout_layer_cave, nicolae_lair_grove_arrangements
Orc:1:    layout_diamond_mine, serial_shops, shop
Orc:2:    grunt_orc_community_town_hall, layout_caves,
          grunt_orc_community_big_house_1, grunt_orc_community_big_house_1,
          grunt_orc_community_house_2, grunt_orc_community_house_2,
          grunt_orc_community_house_1, grunt_orc_community_house_2,
          grunt_orc_community_house_1, grunt_orc_community_house_3,
          ebering_ghost_xom
Elf:1:    nicolae_elf_arrival_no_cutting_in_line, layout_gridlike, serial_shops,
          nicolae_shop_window_shopping, hangedman_elf_represent,
          grunt_ministairs_2, minivault_19, nicolae_elf_blasts_and_bolts
Elf:2:    nicolae_elf_blades_splatter_lattice
          [nicolae_vaults_blade_armed_guards], layout_onion_city, serial_shops,
          nicolae_shop_hallway_stairs
Elf:3:    minmay_elf_hall_four_x, layout_geoelf_octagon, nicolae_elf_m_pinch

Skill      XL: |  1  2  3  4  5  6  7  8  9 10 11 12 13 14 15 16 |
---------------+-------------------------------------------------+-----
Armour         | 4 5 7 8 9 11 12 13 14 15 | 15.1
Fighting       | 4 5 6 7 8 9 11 12 13 14 | 14.9
Shields        | 4 5 6 7 9 10 12 14 17 19 20 21 | 21.1
Long Blades    | 3 4 5 7 8 10 12 13 14 15 16 17 | 17.2
Dodging        | 1 2 3 4 5 |  5.0
Stealth        | 1 2 |  2.0
Invocations    | 1 2 3 4 |  4.5
Evocations     | 1 |  1.2

Action                   |  1- 3 |  4- 6 |  7- 9 | 10-12 | 13-15 | 16-18 || total
-------------------------+-------+-------+-------+-------+-------+-------++-------
Melee: Long sword        |    78 |    66 |   264 |   674 |  1267 |   106 ||  2455
       Headbutt          |    11 |    19 |    58 |   185 |   467 |    23 ||   763
       Scimitar          |       |       |       |   204 |   503 |       ||   707
Invok: Heroism           |       |       |     8 |    20 |    42 |     3 ||    73
       Finesse           |       |       |       |       |     1 |       ||     1
Evoke: Wand              |       |     3 |     7 |       |    14 |       ||    24
  Use: Scroll            |     1 |       |       |    12 |    14 |     1 ||    28
       Potion            |     1 |       |       |     1 |     4 |     1 ||     7
 Stab: Confused          |       |       |       |     2 |       |       ||     2
Armor: Scale mail        |    45 |    47 |    51 |       |       |       ||   143
       Plate armour      |       |       |    82 |   390 |   822 |    38 ||  1332
Dodge: Dodged            |    24 |    19 |    51 |   163 |   350 |    26 ||   633
Block: Buckler           |     1 |       |       |       |       |       ||     1
       Tower shield      |    51 |    84 |   203 |   821 |  1808 |   112 ||  3079
